 Dungeon Crawl Stone Soup version 0.19.4 (webtiles) character file.

113 Naow the Magician (level 4, 0/24 HPs)
             Began as a Deep Elf Fire Elementalist on Feb 4, 2017.
             Succumbed to an adder's poison
             ... on level 2 of the Dungeon.
             The game lasted 00:03:15 (1928 turns).

Naow the Magician (Deep Elf Fire Elementalist)      Turns: 1928, Time: 00:03:16

Health: 0/24       AC:  2    Str:  5    XL:     4   Next: 65%
Magic:  2/12       EV: 17    Int: 26    God:
Gold:   82         SH:  4    Dex: 20    Spells: 4 memorised, 1 level left

rFire  . . .     SeeInvis .     (no weapon)
rCold  . . .     Gourm    .     a - +0 robe
rNeg   . . .     Faith    .     h - +0 buckler
rPois  .         Spirit   .     (no helmet)
rElec  .         Reflect  .     (no cloak)
rCorr  .         Harm     .     (no gloves)
MR     .....                    (no boots)
Stlth  +++.......               (no amulet)
                                (no ring)
                                (no ring)

@: brilliant, agile, lethally poisoned (0 -> -5)
A: no striking features
a: no special abilities


You were on level 2 of the Dungeon.
You were not hungry.

You visited 1 branch of the dungeon, and saw 3 of its levels.

You collected 82 gold pieces.

Inventory:

Armour
 a - a +0 robe (worn)
 h - a +0 buckler (worn)
Scrolls
 d - 3 scrolls of identify {unknown}
 e - 3 scrolls of teleportation {unknown}
 f - a scroll of fear {unknown}
 g - a scroll of immolation {unknown}
 i - a scroll of remove curse {unknown}
 l - a scroll of enchant armour {unknown}
 m - a scroll of random uselessness {unknown}
Books
 b - a book of Flames

   Spells                             Type                      Level
   a - Flame Tongue                   Conjuration/Fire             1
   b - Throw Flame                    Conjuration/Fire             2
   c - Conjure Flame                  Conjuration/Fire             3
   d - Inner Flame                    Hexes/Fire                   3
   e - Sticky Flame                   Conjuration/Fire             4
   f - Fireball                       Conjuration/Fire             5
Comestibles
 c - a bread ration
 n - 6 chunks of flesh


   Skills:
 - Level 2.4 Dodging
 - Level 2.4 Stealth
 + Level 0.0 Shields
 + Level 4.4 Spellcasting
 + Level 3.0 Conjurations
 + Level 4.3 Fire Magic


You had one spell level left.
You knew the following spells:

 Your Spells              Type           Power        Failure   Level  Hunger
a - Flame Tongue          Conj/Fire      #####        1%          1    None
b - Throw Flame           Conj/Fire      #####.       1%          2    None
c - Conjure Flame         Conj/Fire      #####...     1%          3    ##.....
d - Sticky Flame          Conj/Fire      #####...     4%          4    ####...


Dungeon Overview and Level Annotations

Branches:
Dungeon (3/15)

Altars:
Gozag
The Shining One


Message History

Keep equipping yourself?
* * * LOW HITPOINT WARNING * * *
You feel sick.
You continue putting on your buckler.
* * * LOW HITPOINT WARNING * * *
You feel sick.
You continue putting on your buckler.
* * * LOW HITPOINT WARNING * * *
You feel sick.
You continue putting on your buckler.
You finish putting on your +0 buckler.
There is a lethal amount of poison in your body!
* * * LOW HITPOINT WARNING * * *
You feel sick.
* * * LOW HITPOINT WARNING * * *
You feel sick.
* * * LOW HITPOINT WARNING * * *
You feel sick.
You feel more clever all of a sudden.
You die...

..###.......# #....#
#........>..#####....# ###
####...........##....###.########
###.....###.......##...#.....#
#.............#..##.#.#..####
#.......#####.##........(.#
####.......# #.##....#.....#
#..##.....######..##....<.#.##
#............#.@............#
##.###.######.....###.#.....##
##.###.#### ###...###.......#
##...#....## #..>......(...#
####..###..####...##........#
...)...###...........#......####
###...........#...#....##......#
# ##....#.....#........#####.#.##
# #..........#........# #.#...


There were no monsters in sight!

Vanquished Creatures
  Terence (D:2)
  3 adders (D:2)
  An ooze (D:1)
  3 worms (D:2)
  2 giant cockroaches (D:2)
  7 hobgoblins
  6 jackals
  A quokka (D:2)
  A ball python (D:2)
  5 bats
  2 frilled lizards (D:1)
  4 goblins
  6 kobolds
  7 rats
49 creatures vanquished.

Notes
Turn   | Place    | Note
-------+----------+-------------------------------------------
     0 | D:1      | Naow the Deep Elf Fire Elementalist began the quest for the Orb.
     0 | D:1      | Reached XP level 1. HP: 10/10 MP: 6/6
   229 | D:1      | Reached XP level 2. HP: 15/15 MP: 6/8
   977 | D:2      | Reached XP level 3. HP: 17/19 MP: 7/10
  1412 | D:2      | Learned a level 2 spell: Throw Flame
  1617 | D:2      | Found a faded altar of an unknown god.
  1617 | D:2      | Found a faded altar of an unknown god.
  1623 | D:2      | Found a faded altar of an unknown god.
  1625 | D:2      | Found a faded altar of an unknown god.
  1627 | D:2      | Found an opulent altar of Gozag.
  1669 | D:2      | Reached XP level 4. HP: 23/24 MP: 9/12
  1717 | D:2      | Found a glowing golden altar of the Shining One.
  1760 | D:2      | Learned a level 3 spell: Conjure Flame
  1765 | D:2      | Learned a level 4 spell: Sticky Flame
  1830 | D:3      | Noticed Terence
  1864 | D:2      | Killed Terence
  1925 | D:2      | HP: 1/24 [poisoned by an adder]
  1928 | D:2      | Succumbed to an adder's poison

Skill      XL: |  1  2  3  4 |
---------------+-------------+-----
Conjurations   | 2 3 |  3.0
Fire Magic     | 4 |  4.3
Spellcasting   | 4 |  4.4
Dodging        | |  2.4
Stealth        | |  2.4

Action                   |  1- 3 |  4- 6 || total
-------------------------+-------+-------++-------
Melee: Unarmed           |     8 |     4 ||    12
 Cast: Flame Tongue      |    81 |    16 ||    97
       Throw Flame       |       |     4 ||     4
       Sticky Flame      |       |     1 ||     1
  Use: Potion            |       |     3 ||     3
  Eat: Chunk             |     2 |     1 ||     3
Armor: Robe              |    11 |     3 ||    14
Dodge: Dodged            |    38 |    13 ||    51
